 Dungeon Crawl Stone Soup version 0.27.0-1-g7a089689b8 (webtiles) character file.

Game seed: 2723464620415618918

5 lmSkywalker the Gusty (level 1, -2/10 HPs)
             Began as a Tengu Air Elementalist on Aug 13, 2021.
             Slain by a quokka (4 damage)
             ... on level 1 of the Dungeon.
             The game lasted 00:00:59 (128 turns).

lmSkywalker the Gusty (Tengu Air Elementalist)       Turns: 128, Time: 00:00:59

Health: -2/10      AC:  2    Str:  8    XL:     1   Next: 80%
Magic:  2/4        EV: 12    Int: 15    God:
Gold:   0          SH:  0    Dex: 14    Spells: 3/4 levels left

rFire    . . .     SeeInvis .   c - +0 whip
rCold    . . .     Faith    .   (no shield)
rNeg     . . .     Spirit   .   a - +0 robe
rPois    .         Reflect  .   (helmet restricted)
rElec    .         Harm     .   (no cloak)
rCorr    .         Rampage  .   (no gloves)
Will     .....                  (boots unavailable)
Stlth    ++........             (no amulet)
HPRegen  0.03/turn              (no ring)
MPRegen  0.09/turn              (no ring)

@: no status effects
A: beak, talons 3
a: no special abilities


You were on level 1 of the Dungeon.
You visited 1 branch of the dungeon, and saw 1 of its levels.

Inventory:

Hand Weapons
 c - a +0 whip (weapon)
Armour
 a - a +0 robe (worn)
Potions
 b - a potion of might {unknown}


   Skills:
 - Level 2.1 Dodging
 - Level 2.0 Stealth
 + Level 2.1 Spellcasting
 + Level 1.8 Conjurations
 + Level 4.1 Air Magic


You had 3 spell levels left.
You knew the following spells:

 Your Spells              Type           Power      Damage    Failure   Level
a - Shock                 Conj/Air       40%        1d5       6%          1

Your spell library contained the following spells:

 Spells                   Type           Power      Damage    Failure   Level
 Static Discharge         Conj/Air       10%        N/A       10%         2
 Swiftness                Air            14%        N/A       12%         3
 Airstrike                Air            7%         N/A       36%         4


Dungeon Overview and Level Annotations

Branches:
Dungeon (1/15)

Altars:


Innate Abilities, Weirdness & Mutations

You have a beak for a mouth.
You have claws for feet.


Message History

Aiming: Shock (safe; 7% risk of failure)
Press: ? - help, Shift-Dir - straight line, f - goblin
Aim: a goblin, wielding a +0 dagger (60% to hit)
The zap hits the goblin.
The goblin is heavily wounded.
The jackal barks!
A bat comes into view.
A jackal comes into view.
A ball python comes into view.
The bat moves out of view.
Casting: Shock (safe; 7% risk of failure)
Confirm with . or Enter, or press ? or * to list all spells.
Aiming: Shock (safe; 7% risk of failure)
Press: ? - help, Shift-Dir - straight line, f/p - goblin
Aim: a goblin, wielding a +0 dagger (heavily wounded, 60% to hit)
The zap misses the goblin.
The zap hits the quokka.
The quokka is heavily wounded.
The goblin hits you with a +0 dagger.
The quokka twitches its whiskers.
Casting: Shock (safe; 7% risk of failure)
Confirm with . or Enter, or press ? or * to list all spells.
Aiming: Shock (safe; 7% risk of failure)
Press: ? - help, Shift-Dir - straight line, f/p - goblin
Aim: a goblin, wielding a +0 dagger (heavily wounded, 60% to hit)
The zap hits the goblin.
You kill the goblin!
The zap hits the quokka.
The quokka is almost dead.
You completely miss the quokka. Your kick misses the quokka.
The quokka is almost dead.
The quokka bites you.
A gnoll comes into view. It is wielding a +0 spear.
The quokka barely misses you.
The gnoll shouts!
You hear an angry hiss.
A frilled lizard comes into view.
The jackal closely misses you. The quokka bites you. The jackal bites you.
* * * LOW HITPOINT WARNING * * *
The jackal completely misses you. The quokka bites you.
You die...

#..# # # ......#..#
#. ......#g.#
#.#..##.##..#
..#.##.##..#
####...##.##..#
.......##.#hh.#
.#......#.##.#r#†#
.≈......#.##.#@#.#
≈..)...#..#.#.#.# .
#......#......#.# ≈≈
##≈≈≈###....###.#
...#.....#..#..# #.#
(..≈..⌠..≈..#....#.#
.?.≈..<..≈..#.>....#
...#.....#..#.......
...##≈≈≈#'..#.......


You could see a gnoll, a quokka and 2 jackals.

Vanquished Creatures
  A dart slug (D:1)
  A goblin (D:1)
  A kobold (D:1)
3 creatures vanquished.

Notes
Turn   | Place    | Note
-------+----------+-------------------------------------------
     0 | D:1      | lmSkywalker the Tengu Air Elementalist began the quest for
                  | the Orb.
     0 | D:1      | Reached XP level 1. HP: 10/10 MP: 4/4
   128 | D:1      | Slain by a quokka

Illustrated notes

Levels and vault maps discovered:
D:1:      dpeg_arrival_rooms_with_view, layout_basic, basic_ecumenical_altar,
          minmay_hexomino_c4

Action                   || total
-------------------------++-------
Melee: Whip              ||     1
 Cast: Shock             ||     8
Dodge: Dodged            ||     6
